 Dungeon Crawl Stone Soup version 0.32-a0-42-ga30500b4d3 (webtiles) character file.

Game seed: 11952839129818679169

38207 Newt the Markskobold (level 14, -17/132 HPs)
             Began as a Kobold Hunter on Feb 3, 2024.
             Was an Elder of Hepliaklqana.
             Incinerated by a smoke demon (21 damage)
             ... with a pyre arrow
             ... on level 3 of the Abyss.
             The game lasted 00:28:52 (20715 turns).

Newt the Markskobold (Kobold Hunter)               Turns: 20715, Time: 00:28:52

Health: -17/132    AC: 27    Str: 10    XL:     14   Next: 33%
Magic:  20/20      EV:  3    Int: 10    God:    Hepliaklqana [****..]
Gold:   784        SH:  0    Dex: 22    Spells: 13/13 levels left

rFire   . . .        L - +1 triple crossbow
rCold   . . .        (shield currently unavailable)
rNeg    . . .        m - melded +1 leather armour {rF+}
rPois   +            C - melded +0 hat
rElec   .            f - melded +2 cloak
rCorr   .            i - melded +1 pair of gloves
SInv    .            (boots currently unavailable)
Will    +....        (no amulet)
Stlth   +++          (no ring)
HPRegen 0.42/turn    (no ring)
MPRegen 0.17/turn

%: no passive effects
@: on fire, tree-form, slowed, glowing, very slow
A: stationary, stasis, torment immunity, boosted hp, reduced essence, small, no
large weapons, nightstalker 3
a: Renounce Religion, Recall Ancestor, Ancestor Identity, Transference, Idealise


You were on level 3 of the Abyss.
You worshipped Hepliaklqana.
Hepliaklqana was greatly pleased with you.
You were a tree.
You visited 2 branches of the dungeon, and saw 16 of its levels.
You visited the Abyss 1 time.
You also visited: Sewer.

You collected 784 gold pieces.

Inventory:

Hand Weapons
 a - a +0 shortbow of chaos
 B - a +0 shortbow
 L - a +1 triple crossbow (weapon)
 O - a +0 orcbow
Armour
 c - a +0 leather armour
 f - a +2 cloak (melded)
 i - a +1 pair of gloves (melded)
 m - a +1 leather armour of fire resistance (melded)
 r - a scarf of shadows
 y - +0 acid dragon scales
 C - a +0 hat (melded)
Jewellery
 n - a ring of ice
 K - a ring of protection from cold
 N - a ring of magical power
Wands
 h - a wand of flame (97)
 o - a wand of roots (5)
 q - a wand of polymorph (17)
 F - a wand of digging (1)
 G - a wand of mindburst (2)
Scrolls
 b - 2 scrolls of enchant armour
 e - 2 scrolls of silence
 g - 3 scrolls of fog
 j - 3 scrolls of poison
 l - 2 scrolls of revelation
 w - a scroll of teleportation
 z - a scroll of identify
 A - 3 scrolls of immolation
 J - 2 scrolls of amnesia
 M - a scroll of fear
Potions
 d - a potion of might
 k - 3 potions of curing
 p - 5 potions of mutation
 s - 4 potions of degeneration
 t - 3 potions of magic
 u - a potion of resistance
 v - 4 potions of brilliance
 D - a potion of ambrosia
 H - a potion of cancellation
 I - a potion of enlightenment
Miscellaneous
 x - a lightning rod (3/4)


   Skills:
 + Level 15.2 Fighting
 - Level 16.6 Ranged Weapons
 - Level 7.8 Dodging
 - Level 9.6 Stealth
 * Level 8.3 Invocations
 - Level 11.2 Evocations


You had 13 spell levels left.
You didn't know any spells.
Your spell library contained the following spells:

 Spells                   Type           Power      Damage    Failure   Level
 Magic Dart               Conj           0%         1d3       36%         1
 Blink                    Tloc           0%         N/A       50%         2
 Call Imp                 Summ           0%         N/A       50%         2
 Mercury Vapours          Alch/Air       0%         N/A       50%         2
 Mephitic Cloud           Conj/Alch/Air  0%         N/A       75%         3
 Ozocubu's Armour         Ice            0%         N/A       75%         3
 Alistair's Intoxication  Alch           0%         N/A       100%        5
 Borgnjor's Vile Clutch   Necr/Erth      0%         N/A       100%        5
 Freezing Cloud           Conj/Ice/Air   0%         6-21      100%        5
 Metabolic Englaciation   Hex/Ice        0%         N/A       100%        5
 Eringya's Noxious Bog    Alch           0%         4d6       100%        6
 Sculpt Simulacrum        Ice/Alch       0%         N/A       100%        6
 Ozocubu's Refrigeration  Ice            0%         4d7       100%        7
 Polar Vortex             Ice            0%         N/A       100%        9


Dungeon Overview and Level Annotations

Branches:
Dungeon (15/15)            Temple (1/1) D:5            Lair (0/5) D:10
    Orc (0/2) D:12         Vaults (0/5) D:13         Depths (0/4) D:15
  Sewer (visited)

Altars:
Ashenzari
Cheibriados
Dithmenos
Elyvilon
Fedhas
Gozag
Hepliaklqana
Kikubaaqudgha
Makhleb
Nemelex Xobeh
Qazlal
Ru
Sif Muna
Trog
Uskayaw
Vehumet
Wu Jian
Yredelemnul
Zin
The Shining One

Shops:
D:11 !

Annotations:
D:8 exclusion: 2 oklob plants
D:9 2 transporters, Ambrosia's ghost, novice DsGl


Innate Abilities, Weirdness & Mutations

You are a tree.
Your roots penetrate the ground, keeping you stationary.
You cannot be teleported.
You are immune to unholy pain and torment.
Your maximum health is greatly increased.
Your equipment is partially melded.
Your life essence is reduced to manifest your ancestor. (-10% HP)
You are small and have problems with some larger weapons.
You are completely attuned to the shadows.


Message History

The smoke demon gestures at you. The pyre arrow hits you.
You are covered in intense liquid fire!
Unknown command.
You shoot a bolt.
The bolt barely misses the vault warden zombie.
The liquid fire burns you!
The small abomination hits you but does no damage.
The smoke demon hits you but does no damage. x2
The smoke demon hits you.
The vault warden zombie hits you but does no damage.
The small abomination hits you but does no damage.
The smoke demon hits you but does no damage. x2
The smoke demon hits you.
Shiptu hits the vault warden zombie with a +0 flail!
The vault warden zombie hits you!
* * * LOW HITPOINT WARNING * * *
You shoot a bolt. The bolt hits the smoke demon!!!
The smoke demon is almost dead.
The liquid fire burns you!
* * * LOW HITPOINT WARNING * * *
The small abomination hits you.
* * * LOW HITPOINT WARNING * * *
The small abomination hits you but does no damage.
The smoke demon hits you.
* * * LOW HITPOINT WARNING * * *
The smoke demon hits you but does no damage.
The smoke demon hits you.
* * * LOW HITPOINT WARNING * * *
The vault warden zombie hits you but does no damage.
The small abomination hits you but does no damage.
The smoke demon gestures at you. Something smites you!
* * * LOW HITPOINT WARNING * * *
Unknown command.
You shoot a bolt.
The bolt hits the smoke demon but does no damage.
The smoke demon is almost dead.
The liquid fire burns you!
You die...

.........
........#
#.........
.....x...
...R♣....
...†3Z.∩..
......####
.......
...######
... ..


You could see the friendly Shiptu the knight (slow), a smoke demon, a small
abomination and a vault warden zombie (ally target).

Vanquished Creatures
  Gastronok (D:8)
  An ettin (D:13)
  A rakshasa (D:14)
  A hydra (D:13)
  3 centaur warriors
  A catoblepas (D:14)
  4 two-headed ogres
  A tengu warrior (D:14)
  A phantasmal warrior (D:13)
  An arcanist (D:13)
  Pikel (D:5)
  A deep elf pyromancer (D:12)
  9 ugly things
  A manticore (D:14)
  An apocalypse crab (Abyss:3)
  3 meliai (D:13)
  Maurice (D:8)
  2 kobold demonologists
  An unseen horror (D:11)
  A tengu conjurer (D:15)
  3 trolls
  Grinder (Sewer)
  Prince Ribbit (D:5)
  6 slime creatures
  A ynoxinul (Abyss:3)
  Sigmund (D:2)
  A wraith (D:13)
  6 wyverns
  15 yaks
  A small abomination (Abyss:3)
  Eustachio (D:4)
  6 vampire mosquitoes
  Menkaure (D:6)
  4 acid dragons
  A water moccasin (D:5)
  5 orc warriors
  2 ogres
  An ice beast (D:6)
  9 centaurs
  3 lemures (D:5)
  3 phantoms
  2 kobold brigands
  A necrophage (Sewer)
  3 scorpions
  3 wights (D:7)
  3 killer bees (D:9)
  4 electric eels (D:13)
  4 howler monkeys
  2 bombardier beetles
  A hound (D:5)
  2 jellies
  7 orc priests
  6 iguanas
  Terence (D:3)
  2 sleepcaps
  9 orc wizards
  3 adders
  4 gnolls
  4 shadow imps
  4 ufetubi
  2 dart slugs
  2 ribbon worms (D:2)
  50 orcs
  4 bats
  10 endoplasms
  2 giant cockroaches
  13 goblins
  7 hobgoblins
  2 jackals (D:1)
  3 quokkas (D:2)
  7 ball pythons
  4 frilled lizards (D:3)
  30 kobolds
  A kobold zombie (Sewer)
  4 rats
314 creatures vanquished.

Vanquished Creatures (collateral kills)
  A fire dragon (D:15)
  A hydra (D:14)
  A boulder beetle (D:12)
  A centaur warrior (D:14)
  A two-headed ogre (D:12)
  A shadow wraith (Abyss:3)
  A deep elf pyromancer (D:14)
  An oklob plant (D:8)
  2 manticores
  2 ugly things (D:13)
  A cyclops (D:14)
  A gargoyle (D:12)
  A kobold demonologist (D:13)
  A hornet (D:7)
  6 slime creatures
  A wyvern (D:10)
  A water elemental (D:13)
  A wraith (D:12)
  7 yaks
  A hog (shapeshifter) (D:13)
  A golden eye (D:8)
  3 vampire mosquitoes
  A water moccasin (D:10)
  2 orc warriors (D:12)
  A sky beast (D:7)
  A centaur (D:14)
  3 kobold brigands
  4 killer bees (D:9)
  An electric eel (D:13)
  An orc priest (D:11)
  2 orc wizards
  11 orcs
  2 kobolds (D:9)
66 creatures vanquished.

Vanquished Creatures (others)
  7 ancestors
  12 knights
19 creatures vanquished.

Grand Total: 399 creatures vanquished

Notes
Turn   | Place    | Note
-------+----------+-------------------------------------------
     0 | D:1      | Newt the Kobold Hunter began the quest for the Orb.
     0 | D:1      | Reached XP level 1. HP: 12/12 MP: 1/1
   219 | D:1      | Reached XP level 2. HP: 18/18 MP: 2/2
   530 | D:1      | Reached skill level 6 in Ranged Weapons
   907 | D:1      | Reached XP level 3. HP: 22/22 MP: 3/3
  1309 | D:2      | Reached XP level 4. HP: 28/28 MP: 4/4
  1494 | D:2      | Noticed Sigmund
  1522 | D:2      | Killed Sigmund
  1523 | D:2      | Reached skill level 8 in Ranged Weapons
  1523 | D:2      | Reached XP level 5. HP: 18/33 MP: 5/5
  1523 | D:2      | Reached XP level 6. HP: 21/38 MP: 6/6
  1854 | D:3      | Identified the +4 dagger "Gacatala" {elec, rElec}
  1927 | D:3      | Noticed Terence
  1944 | D:3      | Killed Terence
  2130 | D:3      | Identified the +10 spear "Keacun" {protect, Int+4}
  2462 | D:4      | Noticed Eustachio
  2497 | D:4      | Killed Eustachio
  2498 | D:4      | Reached skill level 9 in Ranged Weapons
  2498 | D:4      | Reached XP level 7. HP: 18/44 MP: 7/7
  2806 | D:4      | Reached skill level 5 in Fighting
  3583 | D:4      | Found a glowing golden altar of the Shining One.
  3956 | D:5      | Entered Level 5 of the Dungeon
  4004 | D:5      | Reached XP level 8. HP: 50/50 MP: 8/8
  4021 | D:5      | Noticed Pikel
  4053 | D:5      | Killed Pikel
  4292 | D:5      | Found a broken altar of Ashenzari.
  4392 | D:5      | Noticed Prince Ribbit
  4638 | D:4      | Reached XP level 9. HP: 25/56 MP: 9/9
  5232 | D:5      | Found a staircase to the Ecumenical Temple.
  5249 | Temple   | Entered the Ecumenical Temple
  5273 | Temple   | Became a worshipper of Hepliaklqana the Forgotten
  5468 | D:5      | Killed Prince Ribbit
  5469 | D:5      | Reached skill level 5 in Stealth
  5615 | D:5      | Found a blossoming altar of Fedhas.
  5669 | D:5      | Found a snail-covered altar of Cheibriados.
  5889 | D:6      | Noticed Menkaure
  5898 | D:6      | Killed Menkaure
  5952 | D:6      | Found a glowing drain.
  5958 | Sewer    | Entered a sewer
  6081 | Sewer    | Found an ancient bone altar of Kikubaaqudgha.
  6134 | Sewer    | Noticed Grinder
  6158 | Sewer    | Paralysed by Grinder for 2 turns
  6169 | Sewer    | Paralysed by Grinder for 3 turns
  6177 | Sewer    | Killed Grinder
  6317 | Sewer    | Reached * piety under Hepliaklqana
  6572 | D:6      | Found a shimmering blue altar of Sif Muna.
  6749 | D:7      | Noticed a kobold demonologist
  6757 | D:7      | Noticed a red devil
  6758 | D:7      | Killed a kobold demonologist
  6759 | D:7      | Reached XP level 10. HP: 54/58 MP: 10/10
  6771 | D:7      | Found the +6 shillelagh "Devastator" {shatter}
  6823 | D:7      | Found a shadowy altar of Dithmenos.
  6868 | D:7      | Reached skill level 1 in Evocations
  8053 | D:8      | Reached skill level 5 in Evocations
  8075 | D:8      | Noticed Gastronok
  8429 | D:8      | Noticed Maurice
  8535 | D:8      | Something stole 26 gold
  8536 | D:8      | Killed Maurice
  9157 | D:8      | Noticed a +0 hand axe
  9158 | D:8      | Found a hide-covered altar of Uskayaw.
  9158 | D:8      | Noticed a +0 dagger
  9168 | D:8      | Reached ** piety under Hepliaklqana
  9169 | D:8      | Remembered your ancestor Shiptu as a knight
  9273 | D:8      | Killed Gastronok
  9274 | D:8      | Reached skill level 10 in Fighting
  9274 | D:8      | Reached XP level 11. HP: 65/65 MP: 11/11
  9342 | D:8      | Noticed an oklob plant
  9356 | D:8      | Killed an oklob plant
  9649 | D:8      | Noticed an oklob plant
  9787 | D:8      | Noticed an oklob plant
 10210 | D:9      | Found a transporter.
 10475 | D:9      | Noticed a cyclops
 10476 | D:9      | Noticed Ambrosia's ghost (novice DsGl)
 10483 | D:9      | Found a transporter.
 10542 | D:9      | Reached skill level 10 in Evocations
 10659 | D:9      | Found an ancient bone altar of Kikubaaqudgha.
 10746 | D:9      | Found a glowing silver altar of Zin.
 11226 | D:9      | Found an opulent altar of Gozag.
 11608 | D:10     | Entered Level 10 of the Dungeon
 11983 | D:10     | Found a staircase to the Lair.
 12116 | D:10     | Reached skill level 10 in Ranged Weapons
 12431 | D:10     | Noticed a two-headed ogre
 12444 | D:10     | Killed a two-headed ogre
 12445 | D:10     | Reached XP level 12. HP: 72/72 MP: 12/12
 12663 | D:10     | Reached *** piety under Hepliaklqana
 12702 | D:10     | Found a sacrificial altar of Ru.
 12722 | D:10     | Reached skill level 11 in Ranged Weapons
 12731 | D:10     | Noticed a two-headed ogre
 12745 | D:10     | Killed a two-headed ogre
 13116 | D:11     | Noticed a two-headed ogre
 13121 | D:11     | Killed a two-headed ogre
 13121 | D:11     | Noticed a two-headed ogre
 13122 | D:11     | Reached skill level 12 in Ranged Weapons
 13128 | D:11     | Killed a two-headed ogre
 13625 | D:11     | Found Wasiff's Distillery.
 14873 | D:12     | Reached skill level 13 in Ranged Weapons
 15067 | D:12     | Found a staircase to the Orcish Mines.
 15395 | D:12     | Reached skill level 14 in Ranged Weapons
 15466 | D:12     | Noticed a two-headed ogre
 15474 | D:12     | Killed a two-headed ogre
 15481 | D:12     | Reached **** piety under Hepliaklqana
 15613 | D:12     | Reached XP level 13. HP: 69/79 MP: 11/13
 16403 | D:13     | Reached skill level 15 in Ranged Weapons
 16942 | D:13     | Noticed an eight-headed hydra
 16946 | D:13     | Killed an eight-headed hydra
 16947 | D:13     | Reached skill level 16 in Ranged Weapons
 17457 | D:13     | Noticed an ettin
 17466 | D:13     | Killed an ettin
 17594 | D:13     | Reached skill level 1 in Invocations
 17673 | D:13     | Found a gate to the Vaults.
 18031 | D:14     | Noticed a centaur warrior
 18422 | D:14     | Noticed a centaur warrior
 18431 | D:14     | Killed a centaur warrior
 18540 | D:14     | Killed a centaur warrior
 18734 | D:14     | Reached skill level 5 in Invocations
 18743 | D:14     | Noticed a catoblepas
 18759 | D:14     | HP: 3/81 [barbs]
 18794 | D:14     | Noticed a rakshasa
 19335 | D:14     | Killed a catoblepas
 19559 | D:14     | Killed a rakshasa
 19560 | D:14     | Reached XP level 14. HP: 62/86 MP: 18/18
 19886 | D:14     | Found an ancient bone altar of Kikubaaqudgha.
 20336 | D:14     | Reached skill level 15 in Fighting
 20418 | D:15     | Entered Level 15 of the Dungeon
 20584 | Abyss:3  | Cast into level 3 of the Abyss (an occultist)
 20714 | Abyss:3  | HP: 4/132 [smoke demon/divine providence (11)]
 20715 | Abyss:3  | Incinerated by a smoke demon

Illustrated notes

Levels and vault maps discovered:
D:1:      pf_arrival_petrified_forest, layout_basic
D:2:      layout_basic, uniq_sigmund
D:3:      layout_rooms, minmay_misc_feat_doors, kennysheep_generic_room_9,
          uniq_terence
D:4:      cheibrodos_greedy_goblins, layout_basic, tso_altar, serial_rivers,
          chequers_serial_rivers_micro_a, chequers_serial_rivers_small_3,
          chequers_serial_rivers_large_a, chequers_serial_rivers_large_b,
          chequers_serial_rivers_small_a, chequers_serial_rivers_micro_c,
          kennysheep_donut, uniq_eustachio
D:5:      layout_rooms, lemuel_doored_altar, nicolae_overflow_crystal_walls,
          nicolae_overflow_hidden_temple, evilmike_ruin_ashenzari,
          minmay_temple_entry_glassed_door, uniq_pikel, uniq_prince_ribbit1
D:6:      layout_rooms, nicolae_sif_muna_condensation, portal_sewer_entry_d,
          uniq_menkaure
D:7:      layout_basic, grunt_dithmenos_smoke_and_mirrors,
          minmay_misc_feat_ornament
D:8:      layout_loops_ring, dancing_weapons_uskayaw, disabler_island,
          uniq_maurice, uniq_gastronok
D:9:      layout_long_grid, pdpol_temple_overflow_zin_treasury_gozag_greed,
          mainiacjoe_overflow_chevrons, gammafunk_ghost_arena
D:10:     layout_rooms, nicolae_ru_sacrificial_ziggurat, minmay_lair_entry_grove
D:11:     layout_small_grid, serial_shops, shop, nicolae_fountain_basement
D:12:     layout_stronghold, david_orc_5, minmay_misc_feat_rows
D:13:     layout_basic, david_vaults_4
D:14:     layout_rooms, kiku_gazebo_pond_becter,
          nicolae_concentric_dashed_squares_mild
D:15:     grunt_enter_depths_hoard, layout_basic, gauntlet_entry_generic,
          minmay_misc_feat_tower, drop_trap
Temple:   jpeg_temple_island
Abyss:3:  base: D:4, spicy_abyss_pitcher_plant

Skill      XL: |  1  2  3  4  5  6  7  8  9 10 11 12 13 14 |
---------------+-------------------------------------------+-----
Ranged Weapons | 6 8 9 10 14 16 | 16.6
Fighting       | 3 4 5 6 8 10 11 13 14 15 | 15.2
Dodging        | 4 7 |  7.8
Stealth        | 9 |  9.6
Evocations     | 8 11 | 11.2
Invocations    | 5 8 |  8.3

Action                     |  1- 3 |  4- 6 |  7- 9 | 10-12 | 13-15 || total
---------------------------+-------+-------+-------+-------+-------++-------
  Melee: Shortbow          |       |     6 |       |     6 |       ||    12
   Fire: Shortbow          |    73 |   104 |   391 |   896 |   222 ||  1686
         Orcbow            |       |       |       |       |    68 ||    68
         Triple crossbow   |       |       |       |       |    52 ||    52
 Invoke: Recall Ancestor   |       |       |       |     5 |     3 ||     8
         Ancestor Life: Kn |       |       |       |     1 |       ||     1
  Evoke: Wand              |       |       |       |    22 |     7 ||    29
         Lightning rod     |       |       |       |     5 |     8 ||    13
    Use: Scroll            |     1 |     5 |    10 |     5 |    11 ||    32
         Potion            |       |     1 |     1 |     3 |     3 ||     8
 Armour: Leather armour    |    14 |    38 |   102 |   171 |    93 ||   418
         Skin              |       |       |       |       |    24 ||    24
  Dodge: Dodged            |    17 |    36 |   248 |   299 |   107 ||   707

Table legend: (Time is in decaauts)
 A = Elapsed time spent in this place.
 B = Non-inter-level travel time spent in this place.
 C = Inter-level travel time spent in this place.
 D = Time resting spent in this place.
 E = Time spent auto-exploring this place.
 F = Levels seen in this place.
 G = Mean time per level.
                   A        B        C        D        E       F      G
               +--------+--------+--------+--------+--------+-----+--------+
         Total |  20798 |  20257 |    541 |   7658 |   9529 |  18 | 1155.4 |
       Dungeon |  20073 |  19578 |    495 |   7543 |   9140 |  15 | 1338.2 |
        Temple |     47 |      1 |     46 |      0 |      0 |   1 |   47.0 |
         Abyss |    142 |    142 |      0 |    113 |      0 |   1 |  142.0 |
         Sewer |    534 |    534 |      0 |      2 |    389 |   1 |  534.0 |
               +--------+--------+--------+--------+--------+-----+--------+

Top non-repeatable levels by time:
     D:4: 2314 daAuts
    D:13: 2222 daAuts
     D:8: 1883 daAuts
    D:12: 1788 daAuts
     D:9: 1743 daAuts
    D:11: 1627 daAuts
     D:7: 1613 daAuts
    D:14: 1610 daAuts
    D:10: 1153 daAuts
     D:1: 1150 daAuts
     D:5: 1042 daAuts
     D:3: 749 daAuts
     D:2: 571 daAuts
   Sewer: 534 daAuts
     D:6: 431 daAuts
